 Dungeon Crawl Stone Soup version 0.27.1-2-g3b301248ec (webtiles) character file.

Game seed: 15942835402560537214

267 barney the Skirmisher (level 6, -3/49 HPs)
             Began as a Demonspawn Berserker on Sept 26, 2021.
             Was a Believer of Trog.
             Killed from afar by Sigmund (9 damage)
             ... with a magic dart
             ... on level 4 of the Dungeon.
             The game lasted 00:05:25 (3845 turns).

barney the Skirmisher (Demonspawn Berserker)        Turns: 3845, Time: 00:05:26

Health: -3/49      AC:  3    Str: 17    XL:     6   Next: 0%
Magic:  6/6        EV: 16    Int: 11    God:    Trog [**....]
Gold:   142        SH:  0    Dex: 12    Spells: 5/5 levels left

rFire    . . .     SeeInvis .   k - +0 mace (vorpal)
rCold    . . .     Faith    .   (no shield)
rNeg     + . .     Spirit   .   b - +1 animal skin
rPois    .         Reflect  .   (no helmet)
rElec    .         Harm     .   e - scarf {repulsion}
rCorr    .         Rampage  .   (no gloves)
Will     .....                  (no boots)
Stlth    +.........             (no amulet)
HPRegen  0.16/turn              c - ring of positive energy
MPRegen  0.10/turn              r - +4 ring of evasion

@: on berserk cooldown, slowed, repel missiles, very slow
A: hooves 1, demonic guardian 1
a: Renounce Religion, Berserk, Trog's Hand


You were on level 4 of the Dungeon.
You worshipped Trog.
Trog was pleased with you.
You visited 1 branch of the dungeon, and saw 4 of its levels.

You collected 142 gold pieces.

Inventory:

Hand Weapons
 j - a +2 quarterstaff of chaos
 k - a +0 vorpal mace (weapon)
Armour
 a - a +0 cloak
 b - a +1 animal skin (worn)
 e - a scarf of repulsion (worn)
Jewellery
 c - a ring of positive energy (left hand)
 n - a ring of flight
 r - a +4 ring of evasion (right hand)
Wands
 m - a wand of digging (5)
Scrolls
 f - 2 scrolls of noise {unknown}
 g - 4 scrolls of teleportation {unknown}
 h - a scroll of enchant weapon {unknown}
 l - a scroll of identify {unknown}
 o - a scroll of fog {unknown}
 p - a scroll of blinking {unknown}
Potions
 d - a potion of mutation {unknown}
 i - a potion of heal wounds {unknown}
 q - 3 potions of attraction {unknown}
 s - a potion of might {unknown}


   Skills:
 * Level 4.5 Fighting
 + Level 3.3 Maces & Flails
 + Level 2.7 Armour
 + Level 2.8 Dodging
 + Level 1.9 Unarmed Combat
 + Level 0.5 Evocations


You had 5 spell levels left.
You didn't know any spells.
Your spell library contained the following spells:

 Spells                   Type           Power      Damage    Failure   Level
 Corpse Rot               Necr/Air       N/A        N/A       47%         2
 Poisonous Vapours        Pois/Air       0%         N/A       47%         2
 Gell's Gravitas          Tloc           0%         N/A       71%         3
 Lesser Beckoning         Tloc           0%         N/A       71%         3
 Teleport Other           Tloc           0%         N/A       71%         3
 Freezing Cloud           Conj/Ice/Air   0%         6-21      100%        5


Dungeon Overview and Level Annotations

Branches:
Dungeon (4/15)
 Temple: D:4-7

Altars:

Annotations:
D:4 Sigmund


Innate Abilities, Weirdness & Mutations

You have large cloven feet.
A weak demonic guardian rushes to your aid.


Message History

The kobold barely misses you. Something hits you but does no damage.
You sock the gnoll shaman!
You kill the gnoll shaman!
Trog accepts your kill. The gnoll completely misses you. The kobold misses you.
You have reached level 6!
Your experience leads to an increase in your attributes!
Increase (S)trength, (I)ntelligence, or (D)exterity?
You feel clever.
There is an open door, spattered with blood here.
Items here: ))) [.
You barely miss something. You kick something! Something barely misses you.
The kobold misses you. The gnoll misses you.
Unknown command.
You thump something! You kick something. The kobold misses you.
The gnoll closely misses you.
You hear some strange, mumbled words.
A puff of flame appears from out of thin air!
The puff of flame hits you.
Unknown command.
You closely miss something. Your kick misses something.
The kobold closely misses you. The gnoll barely misses you.
Unknown command.
You closely miss something. Your kick misses something.
You are no longer berserk.
You are exhausted.
You feel yourself slow down.
You hear some strange, mumbled words.
A puff of flame appears from out of thin air!
The puff of flame hits you.
A demonic guardian appears!
The kobold hits you with a +0 trident. The gnoll misses you.
You hit something but do no damage. Something hits you!
* * * LOW HITPOINT WARNING * * *
The kobold misses you. The gnoll hits you with a +0 spear!
* * * LOW HITPOINT WARNING * * *
Your iron imp hits the gnoll!
You hear some strange, mumbled words.
A magic dart appears from out of thin air!
The magic dart hits you!
You die...

...........##.......###.##
#############.......###..###.###
## #............)............
.######.#####.).....####.###.###
.+......############# #.#
.#####......###### #.## .#
#......'....# #..# .##
#......####.# ##.# ..# #......#
#@# #.# ..# ##+#####..{gK....#
#..# ..# #...5.....# ##.# ..#
#.........# .. ..# ####'######
#.. ..# #.. ..# ..# #.. ..# ###
#.. .>#


You could see a gnoll (ally target), a kobold and a friendly iron imp
(summoned).

Vanquished Creatures
  Crazy Yiuf (D:2)
  A gnoll shaman (D:4)
  Natasha (D:4)
  Terence (D:3)
  A hound skeleton (D:2)
  5 adders
  2 gnolls (D:4)
  A worm (D:4)
  A dart slug (D:2)
  4 orcs (D:3)
  5 endoplasms
  5 giant cockroaches
  8 goblins
  6 hobgoblins
  2 jackals (D:3)
  6 kobolds
  6 quokkas
  6 ball pythons
  4 bats
  4 frilled lizards
  4 rats
74 creatures vanquished.

Vanquished Creatures (others)
  A fungus (D:2)
1 creature vanquished.

Grand Total: 75 creatures vanquished

Notes
Turn   | Place    | Note
-------+----------+-------------------------------------------
     0 | D:1      | barney the Demonspawn Berserker began the quest for the
                  | Orb.
     0 | D:1      | Reached XP level 1. HP: 18/18 MP: 1/1
   101 | D:1      | Gained mutation: A weak demonic guardian rushes to your
                  | aid. [demonic ancestry]
   101 | D:1      | Reached XP level 2. HP: 17/24 MP: 2/2
   821 | D:1      | Found a faded altar of an unknown god.
  1050 | D:2      | Reached XP level 3. HP: 19/29 MP: 3/3
  1308 | D:2      | Reached skill level 1 in Unarmed Combat
  1309 | D:2      | Reached ** piety under Trog
  1813 | D:2      | Gained mutation: You have large cloven feet. [demonic
                  | ancestry]
  1813 | D:2      | Reached XP level 4. HP: 17/37 MP: 4/4
  2290 | D:2      | Found a runed translucent door.
  2291 | D:2      | Noticed Crazy Yiuf
  2300 | D:2      | Killed Crazy Yiuf
  2591 | D:3      | Reached skill level 4 in Fighting
  2657 | D:3      | Noticed Terence
  2663 | D:3      | Killed Terence
  2664 | D:3      | Reached XP level 5. HP: 42/42 MP: 5/5
  3591 | D:4      | Noticed Natasha
  3598 | D:4      | Killed Natasha
  3832 | D:4      | Noticed Sigmund
  3840 | D:4      | Reached XP level 6. HP: 49/49 MP: 6/6
  3845 | D:4      | Killed from afar by Sigmund

Illustrated notes

Levels and vault maps discovered:
D:1:      wander_arrival_peaceful_grave, layout_basic,
          dreamdust_ecumenical_altar_grove
D:2:      cheibrodos_old_hovel, layout_basic, minivault_23,
          uniq_crazy_yiuf_cottage
D:3:      layout_loops_cross, uniq_terence
D:4:      layout_basic, uniq_natasha, uniq_sigmund

Skill      XL: |  1  2  3  4 |
---------------+-------------+-----
Armour         | 2 |  2.7
Dodging        | 2 |  2.8
Unarmed Combat | 1 |  1.9
Maces & Flails | 3 |  3.3
Fighting       | 4 |  4.5
Evocations     | |  0.5

Action                   |  1- 3 |  4- 6 || total
-------------------------+-------+-------++-------
Melee: Mace              |   111 |    95 ||   206
       Punch             |     1 |       ||     1
       Kick              |       |    18 ||    18
Invok: Berserk           |     2 |     4 ||     6
  Use: Scroll            |       |     1 ||     1
 Stab: Sleeping          |     2 |       ||     2
Armor: Animal skin       |    21 |    15 ||    36
Dodge: Dodged            |    89 |    92 ||   181
